Map: Acropolis LE

Players

Elias

  • Race: Protoss Protoss
  • League: Diamond
  • Spawn Location: 11:00

Mez - Winner!

  • Race: Terran Terran
  • League: Master
  • Spawn Location: 5:00

VOD

Have the link to the VOD?

Description

Time

  • Played on: Aug. 21, 2019, 4:24 p.m.
  • Length: 17:59
Show
View Real Time Build Order
Export as new Build Order

Elias Protoss 

Build Orders: Blink Stalkers 

Get SALT Encoding   

  12  0:00  Probe  
  13  0:13  Probe  
  14  0:20  Pylon  
  14  0:23  Probe  
  15  0:34  Probe  
  15  0:40  Gateway  
  16  0:44  Probe  
  16  0:46  Assimilator  
  17  0:55  Probe  
  18  0:57  Assimilator  
  18  1:03  Probe  
  18  1:10  Gateway  
  18  1:11  Probe  
  20  1:30  Probe  
  20  1:32  Cybernetics Core  
  21  1:36  Zealot  
  23  1:43  Pylon  
  23  1:58  Pylon  
  23  2:07  Stalker  
  23  2:08  Warp Gate  
  23  2:16  Probe  
  23  2:17  Stalker  
  28  2:39  Nexus  
  28  2:57  Probe  
  29  3:03  Twilight Council  
  29  3:05  Robotics Facility  
  29  3:09  Probe  
  30  3:14  Pylon  
  30  3:21  Probe  
  31  3:35  Probe  
  32  3:43  Blink  
  28  3:49  Probe  
  28  3:54  Observer, Probe  
  28  3:55  Gateway  
  28  3:57  Probe  
  28  4:01  Stalker  
  28  4:02  Probe  
  32  4:06  Probe  
  32  4:08  Stalker  
  35  4:14  Probe  
  37  4:18  Observer, Probe  
  39  4:25  Stalker  
  39  4:26  Probe  
  39  4:30  Probe  
  43  4:36  Stalker  
  45  4:38  Probe  
  45  4:41  Pylon  
  45  4:43  Probe  
  47  4:47  Observer  
  47  4:51  Stalker x2  
  52  4:55  Probe x2  
  54  5:20  Nexus  
  54  5:21  Forge  
  54  5:24  Forge  
  54  5:25  Probe  
  54  5:26  Probe  
  56  5:35  Protoss Ground Armor Level 1  
  56  5:38  Probe  
  56  5:40  Immortal  
  56  5:41  Protoss Ground Weapons Level 1  
  62  5:42  Probe  
  62  5:43  Pylon  
  62  5:49  Charge  
  62  5:52  Pylon  
  62  6:01  Probe x2  
  64  6:07  Gateway, Zealot x2  
  68  6:12  Zealot  
  68  6:15  Gateway  
  68  6:18  Probe x2  
  72  6:21  Immortal  
  72  6:24  Pylon  
  76  6:34  Pylon  
  76  6:38  Zealot  
  78  6:40  Sentry  
  78  6:44  Probe x2  
  78  6:45  Probe  
  82  6:56  Probe x2  
  82  6:59  Gateway  
  82  7:01  Gateway, Probe  
  84  7:02  Gateway  
  84  7:06  Gateway  
  85  7:08  Probe x2  
  85  7:14  Zealot x3  
  93  7:17  Probe  
  93  7:20  Probe  
  95  7:29  Probe  
  97  7:30  Probe  
  97  7:32  Zealot x2  
  97  7:36  Pylon, Zealot x3  
  107  7:38  Pylon  
  107  7:39  Protoss Ground Armor Level 2  
  107  7:53  Zealot  
  107  7:54  Immortal  
  113  8:00  Probe  
  113  8:03  Nexus  
  113  8:04  Probe x2  
  113  8:05  Pylon  
  106  8:08  Observer, Probe, Stalker x2  
  111  8:16  Zealot x2, Probe x2  
  117  8:30  Probe x3  
  120  8:35  Stalker x3  
  120  8:36  Stalker x2  
  130  8:48  Zealot  
  132  8:49  Zealot x2  
  110  9:17  Stalker x2  
  110  9:18  Stalker  
  110  9:21  Probe  
  110  9:22  Probe  
  114  9:31  Probe  
  107  9:34  Probe x2  
  103  9:39  Probe  
  103  9:43  Probe  
  103  9:44  Probe  
  101  9:46  Probe  
  101  9:48  Probe  
  101  9:50  Gateway  
  101  9:51  Probe  
  101  9:52  Probe  
  104  9:53  Gateway  
  104  9:54  Assimilator  
  104  9:55  Probe, Assimilator  
  104  9:56  Pylon, Assimilator  
  104  9:57  Assimilator  
  104  9:58  Pylon, Probe  
  107  10:01  Protoss Ground Weapons Level 2  
  108  10:10  Probe  
  108  10:11  Zealot x3  
  108  10:12  Zealot x3  
  108  10:14  Probe x2  
  121  10:28  Zealot x2  
  121  10:29  Zealot  
  121  10:32  Zealot x6  
  139  10:40  Protoss Ground Armor Level 3  
  109  10:44  Zealot  
  109  10:49  Zealot x4  
  101  10:59  Probe x2  
  101  11:03  Templar Archives  
  103  11:08  Probe  
  103  11:09  Probe x2  
  105  11:11  Probe  
  105  11:16  Assimilator  
  107  11:18  Assimilator  
  107  11:19  Observer  
  107  11:20  Probe, Zealot x6  
  107  11:21  Probe, Zealot x5  
  107  11:24  Probe  
  132  11:28  Probe  
  134  11:33  Probe x2  
  136  11:40  Observer  
  136  11:45  Probe  
  136  11:47  Probe x2  
  140  11:54  Probe  
  140  11:56  Psionic Storm, High Templar x4  
  140  11:57  Zealot x4  
  140  11:58  Probe  
  140  11:59  Probe x2  
  160  12:06  Probe  
  161  12:10  Probe  
  161  12:11  Probe  
  163  12:18  Nexus  
  163  12:20  Photon Cannon  
  163  12:21  Photon Cannon  
  163  12:23  Photon Cannon, Pylon  
  163  12:24  Pylon  
  163  12:27  Photon Cannon x2, Pylon  
  163  12:30  Photon Cannon  
  163  12:32  Photon Cannon  
  163  12:33  Pylon  
  163  12:36  Pylon  
  163  12:38  Pylon  
  163  12:40  Pylon  
  163  12:41  Protoss Ground Weapons Level 3  
  163  12:45  Zealot x5  
  163  12:46  High Templar x4  
  181  12:55  Warp Prism  
  181  12:56  Stalker  
  181  12:57  Stalker  
  187  13:08  High Templar  
  188  13:23  Stalker x3  
  172  13:35  Zealot x4  
  139  13:49  Zealot  
  139  13:50  Zealot x4  
  135  13:57  High Templar  
  135  13:58  High Templar x4  
  143  14:05  Archon  
  143  14:07  Zealot  
  139  14:23  Zealot x2  
  139  14:24  High Templar  
  139  14:25  High Templar x2  
  145  14:31  Zealot x3  
  145  14:32  Zealot  
  145  14:35  Probe x2  
  145  14:37  Stalker x2  
  159  14:44  Stalker  
  156  14:55  Probe x4  
  160  15:07  Probe, Nexus  
  160  15:08  Pylon  
  160  15:11  Zealot x3  
  160  15:12  Zealot x5  
  163  15:39  Archon  
  163  15:40  Archon x2  
  151  15:44  Zealot x5  
  151  15:45  Zealot x6  
  165  16:08  Zealot x2  
  165  16:09  Zealot x2  
  165  16:11  Probe x4  
  126  16:12  High Templar  
  126  16:13  High Templar x5  
  127  16:23  Probe  
  128  16:29  High Templar x4  
  128  16:30  Zealot  
  128  16:31  Probe x3  
  121  16:48  Stalker x2  
  121  16:49  High Templar, Stalker x2  
  121  16:50  High Templar x2  
  135  16:57  Archon  
  135  16:58  Probe x2  
  135  16:59  Probe x2  
  139  17:05  Robotics Facility  
  139  17:06  Robotics Bay  
  139  17:25  Stalker x5  
  139  17:26  Stalker x4  
  145  17:40  Stalker x2  
  135  17:46  Archon  
  135  17:47  Archon x2  
Show
View Real Time Build Order
Export as new Build Order

Mez Terran - Winner!

Build Orders: Reaper Expand 

Get SALT Encoding   

  12  0:00  SCV  
  13  0:13  SCV  
  14  0:17  Supply Depot  
  14  0:25  SCV  
  15  0:38  SCV  
  15  0:39  Barracks  
  16  0:43  Refinery  
  16  0:51  SCV  
  17  1:03  SCV  
  18  1:15  SCV  
  19  1:28  Orbital Command, Reaper  
  20  1:45  Command Center  
  20  1:50  Bunker  
  20  1:54  SCV  
  20  2:00  Supply Depot  
  21  2:02  Marine  
  22  2:11  SCV  
  23  2:33  SCV  
  23  2:34  Command Center  
  24  2:40  Factory  
  24  2:44  Barracks Reactor  
  24  2:56  SCV  
  25  3:03  Orbital Command, Refinery  
  25  3:08  SCV  
  26  3:20  Marine x2  
  26  3:23  SCV  
  26  3:26  Widow Mine  
  30  3:30  Starport  
  30  3:32  SCV  
  31  3:40  Marine x2  
  32  3:52  Factory Tech Lab  
  32  3:54  Orbital Command  
  32  3:57  SCV x2  
  32  3:58  Marine  
  32  3:59  Refinery  
  35  4:08  Bunker, Marine  
  36  4:11  Starport Tech Lab, Siege Tank  
  36  4:14  SCV x2  
  41  4:17  Marine  
  41  4:22  SCV  
  43  4:26  SCV  
  43  4:28  SCV  
  45  4:34  SCV  
  45  4:35  Raven  
  45  4:36  Marine x2  
  50  4:39  SCV  
  50  4:40  SCV  
  52  4:52  Siege Tank  
  55  4:54  Marine x2  
  55  4:55  SCV x3  
  60  5:04  Barracks  
  60  5:06  Barracks  
  60  5:07  SCV  
  60  5:09  Refinery  
  61  5:24  Supply Depot x2  
  61  5:26  SCV  
  61  5:27  SCV x2, Marine x2  
  65  5:38  Engineering Bay, SCV  
  65  5:39  SCV x2  
  65  5:40  Factory Reactor, Engineering Bay  
  68  5:44  Marine  
  68  5:45  Marine, Starport Reactor  
  70  5:50  SCV  
  70  5:51  SCV x2  
  70  5:55  Supply Depot  
  70  5:56  Supply Depot  
  73  6:02  SCV  
  73  6:03  SCV  
  74  6:04  Combat Shield, Stimpack  
  74  6:06  Terran Infantry Armor Level 1, Terran Infantry Weapons Level 1  
  74  6:07  Marauder  
  74  6:08  Marauder, Marine  
  79  6:20  Marine  
  79  6:22  Medivac x2  
  79  6:23  Widow Mine x2  
  88  6:28  SCV x2  
  88  6:30  Supply Depot  
  88  6:31  Supply Depot  
  90  6:37  Orbital Command  
  90  6:40  SCV x2  
  90  6:46  Marauder x2, Marine  
  97  6:51  Widow Mine x2  
  97  6:54  Barracks, Marine  
  101  6:55  Barracks, SCV x2  
  101  7:00  Supply Depot  
  104  7:04  Supply Depot, Marine  
  104  7:06  Armory, SCV  
  104  7:07  SCV  
  107  7:16  Marine  
  107  7:17  Marauder x2  
  107  7:21  Marine  
  113  7:28  Concussive Shells  
  113  7:29  Medivac x2  
  117  7:33  SCV x2  
  117  7:34  Marine  
  117  7:35  SCV  
  121  7:38  Widow Mine x2, Marauder x2, Refinery  
  121  7:39  Marine  
  121  7:41  Supply Depot  
  130  7:45  Supply Depot, SCV x2  
  130  7:47  Barracks Reactor, SCV  
  130  7:48  Barracks Tech Lab  
  133  8:04  Marauder, Marine x2  
  137  8:06  Marauder  
  137  8:08  Terran Infantry Armor Level 2, Terran Infantry Weapons Level 2  
  137  8:10  Ghost Academy  
  137  8:11  Supply Depot  
  141  8:13  Widow Mine x2, Supply Depot  
  141  8:15  Medivac  
  145  8:21  Refinery, SCV x2  
  147  8:28  Marauder  
  147  8:33  Marauder x2, Terran Ship Weapons Level 1, Marine x4  
  157  8:34  Supply Depot  
  157  8:37  Widow Mine x2  
  161  8:51  Marine x4  
  161  8:53  Marauder  
  161  8:54  Medivac x2  
  161  8:55  Marauder  
  173  8:56  Marauder  
  167  9:08  Marine x3  
  138  9:22  Marauder x3, Marine  
  141  9:24  Medivac x2  
  141  9:26  Marine x2  
  132  9:48  Barracks  
  132  9:49  Barracks  
  132  9:51  Barracks  
  132  9:53  Supply Depot  
  132  9:54  Medivac x2  
  132  9:56  Supply Depot, Command Center  
  132  9:59  Starport, Fusion Core  
  136  10:01  Starport  
  136  10:05  Enhanced Shockwaves  
  136  10:08  SCV x3  
  139  10:20  SCV x3  
  142  10:22  Marine  
  142  10:24  Ghost x3  
  142  10:25  Marine x2  
  117  10:51  Marine  
  118  10:57  Barracks Tech Lab x2  
  118  10:58  Barracks Tech Lab, Ghost  
  118  10:59  Ghost x2  
  118  11:02  Starport Tech Lab, Starport Reactor  
  120  11:07  Marine x3  
  120  11:08  Medivac  
  120  11:10  Liberator x2  
  125  11:15  Marine x2  
  127  11:22  Marine x2  
  127  11:24  Liberator, Refinery  
  127  11:25  Marine x2  
  131  11:27  Ghost  
  139  11:38  Refinery  
  139  11:39  Marine  
  137  11:40  Marine x3  
  137  11:41  Widow Mine x2  
  144  11:50  Planetary Fortress  
  144  11:52  SCV  
  144  11:53  SCV x2  
  144  11:59  Marine x6  
  144  12:00  Marauder x4  
  158  12:10  Terran Infantry Weapons Level 3  
  158  12:15  Command Center  
  158  12:17  Marauder  
  158  12:22  Marine x4  
  164  12:24  Command Center  
  164  12:27  Terran Infantry Armor Level 3  
  164  12:28  Advanced Ballistics  
  164  12:30  Liberator  
  164  12:44  Marauder  
  164  12:45  Marauder x2, Marine  
  164  12:46  Marauder, Marine x2  
  164  12:47  Marauder x2  
  182  13:06  Marauder x2  
  181  13:29  Liberator x5  
  170  13:45  Marauder x2, Marine x5  
  170  13:46  Marauder x3  
  171  14:03  Marine x2  
  173  14:12  Liberator x5  
  182  14:31  Ghost x3  
  182  14:32  Marauder x2, Marine x5  
  182  14:37  Planetary Fortress  
  182  14:38  Orbital Command  
  197  14:52  Marine x4  
  196  14:53  Marauder x2  
  199  15:06  Marine  
  200  15:11  Refinery x2  
  179  15:46  SCV  
  179  15:47  SCV x3  
  176  15:58  Liberator x3, SCV  
  176  15:59  Liberator  
  168  16:06  Marauder x3, Marine  
  168  16:07  Marauder x2  
  168  16:08  Banshee  
  185  16:21  Orbital Command  
  185  16:24  Marine  
  180  16:27  Marine x3  
  180  16:28  Marauder  
  180  16:31  Orbital Command  
  182  16:37  SCV x2  
  184  16:49  SCV x2  
  186  17:01  SCV x2  
  188  17:13  SCV x2  
  188  17:15  Ghost x2  
Tags
 
Add a new tag
Caveats
  • Supply blocks, unpowered buildings, or Contaminate may cause inaccurate times.
  • Supply counts are checked every 10 seconds.